AoeStats
← DrJonesXX

Arena

505491020Analyzed
2v2 RM · 23d ago on Sep 9, 2026· 54m 2s· 4 players
Game mode
Random Map
Map size
Medium (4 player)
Population
200
Speed
Normal
Resources
Standard
Victory
Conquest
Starting age
Dark Age
Ending age
Imperial Age
RankedLock teamsTeams togetherTeam positionsShared explorationLock speedFull tech treeHidden civsTurbo modeCheats
Victory
Defeat
🇲🇽 Bohemians · Mexico
914
+14
🇲🇽 Mongols · Mexico
803
+19
🇩🇪 Gurjaras · Germany
1000
-21
🇩🇪 Khmer · Germany
745
-12
TeGoat95
10:04 Feudal Age
11:07 Double-Bit Axe
12:04 Horse Collar
17:52 Castle Age
19:27 Caravan
20:12 Stone Mining
21:07 Bow Saw
22:13 Heavy Plow
25:23 Wheelbarrow
25:23 Fletching
25:34 Padded Archer Armor
25:52 Gold Mining
28:12 Gold Shaft Mining
28:30 Bodkin Arrow
28:51 Leather Archer Armor
33:08 Imperial Age
31:37 Forging
31:33 Scale Barding Armor
31:53 Ballistics
32:28 Stone Shaft Mining
33:06 Bloodlines
32:56 Husbandry
32:17 Light Cavalry
33:24 Chain Barding Armor
33:40 Iron Casting
37:51 Elite Mangudai
39:03 Thumb Ring
40:32 Hussar
41:57 Parthian Tactics
42:00 Bracer
43:01 Blast Furnace
45:25 Chemistry
gabrielyamiltego
10:03 Feudal Age
10:31 Double-Bit Axe
14:58 Castle Age
15:54 Bow Saw
21:54 Wheelbarrow
21:07 Loom
22:22 Ballistics
24:23 Chemistry
24:48 Fletching
25:27 Horse Collar
29:55 Heavy Plow
32:37 Imperial Age
30:32 Pikeman
31:13 Squires
31:44 Hand Cart
32:39 Halberdier
33:06 Arson
33:52 Forging
33:43 Scale Mail Armor
36:17 Block Printing
39:42 Iron Casting
39:23 Chain Mail Armor
38:47 Houfnice
42:02 Conscription
42:46 Plate Mail Armor
44:14 Two-Man Saw
52:36 Elite Hussite Wagon
DrJonesXX
12:07 Feudal Age
12:44 Horse Collar
12:53 Double-Bit Axe
16:55 Castle Age
17:17 Wheelbarrow
16:38 Gold Mining
18:19 Bow Saw
19:19 Gold Shaft Mining
21:37 Heavy Plow
21:30 Stone Mining
22:59 Town Watch
23:57 Stone Shaft Mining
24:30 Hand Cart
28:40 Town Patrol
28:44 Scale Mail Armor
28:56 Forging
34:08 Imperial Age
31:53 Tusk Swords
32:30 Loom
34:40 Ballistics
34:12 Heated Shot
34:14 Guard Tower
34:30 Siphons
35:58 Elite Ballista Elephant
38:34 Hoardings
38:21 Conscription
41:02 Conscription
40:43 Double Crossbow
47:50 Chemistry
47:26 Keep
46:47 Murder Holes
50:43 Crop Rotation
52:59 Fortified Wall
Langfinger
3:46 Loom
10:05 Feudal Age
10:33 Double-Bit Axe
18:57 Castle Age
17:44 Scale Barding Armor
18:17 Forging
20:52 Bloodlines
21:29 Bow Saw
22:07 Horse Collar
25:16 Wheelbarrow
27:29 Iron Casting
33:37 Imperial Age
31:15 Town Watch
32:23 Hand Cart
33:10 Chain Barding Armor
34:27 Gold Mining
34:41 Elite Skirmisher
36:32 Plate Barding Armor
38:33 Padded Archer Armor
38:24 Fletching
39:28 Heavy Camel Rider
39:30 Light Cavalry
40:48 Ballistics
41:28 Chemistry
41:13 Leather Archer Armor
40:54 Bodkin Arrow
40:49 Hussar
Connection lost

Rejoining the realm…

Still unreachable

The connection could not be restored.

Session expired

The server has moved on; the page needs a fresh start.